 Dungeon Crawl Stone Soup version 0.25.1-8-g42b30a86e7 (webtiles) character file.

Game seed: 5638379893357958849

92 Clowww109 the Magician (level 4, 23/24 HPs)
             Began as a Deep Elf Wizard on Dec 10, 2020.
             Quit the game on level 3 of the Dungeon on Dec 18, 2020.
             The game lasted 00:14:00 (2570 turns).

Clowww109 the Magician (Deep Elf Wizard)            Turns: 2570, Time: 00:14:00

Health: 23/24      AC:  2    Str:  4    XL:     4   Next: 35%
Magic:  7/13       EV: 13    Int: 24    God:
Gold:   120        SH:  0    Dex: 13    Spells: 9/14 levels left

rFire    . . .     SeeInvis .   (no weapon)
rCold    . . .     Gourm    .   (no shield)
rNeg     . . .     Faith    .   a - +0 robe
rPois    .         Spirit   .   b - +0 hat
rElec    .         Reflect  .   (no cloak)
rCorr    .         Harm     .   (no gloves)
MR       .....                  (no boots)
Stlth    ++........             (no amulet)
HPRegen  0.08/turn              (no ring)
MPRegen  0.13/turn              (no ring)

@: very slightly contaminated
A: no striking features
a: no special abilities


You were on level 3 of the Dungeon.
You were not hungry.

You visited 1 branch of the dungeon, and saw 3 of its levels.

You collected 120 gold pieces.

Inventory:

Armour
 a - a +0 robe (worn)
 b - a +0 hat (worn)
Jewellery
 p - an uncursed ring of wizardry {unknown}
 q - an uncursed ring of fire {unknown}
Scrolls
 e - a scroll of enchant weapon {unknown}
 h - 2 scrolls of blinking {unknown}
 i - a scroll of fog {unknown}
 j - a scroll of teleportation {unknown}
 m - 2 scrolls of magic mapping {unknown}
 n - a scroll of random uselessness {unknown}
 o - 3 scrolls of identify {unknown}
 s - a scroll of noise {unknown}
Potions
 c - a potion of ambrosia {unknown}
 f - a potion of berserk rage {unknown}
 g - 3 potions of curing {unknown}
 k - a potion of flight {unknown}
 l - a potion of haste {unknown}
 t - a potion of cancellation {unknown}
Comestibles
 d - 2 rations
 r - 3 chunks of flesh


   Skills:
 + Level 2.9 Dodging
 + Level 2.7 Stealth
 + Level 5.9 Spellcasting
 + Level 2.6 Conjurations
 + Level 1.4 Summonings
 + Level 1.1 Translocations


You had 9 spell levels left.
You knew the following spells:

 Your Spells              Type           Power        Failure   Level  Hunger
a - Magic Dart            Conj           ###.         2%          1    None
b - Blink                 Tloc           N/A          8%          2    None
c - Call Imp              Summ           ##......     7%          2    None

Your spell library contained the following spells:

 Spells                   Type           Power        Failure   Level  Hunger
 Slow                     Hex            #.......     12%         2    None
 Conjure Flame            Conj/Fire      ##......     14%         3    #......
 Mephitic Cloud           Conj/Pois/Air  ##......     17%         3    #......


Dungeon Overview and Level Annotations

Branches:
Dungeon (3/15)

Altars:


Message History

Aim: an ooze (heavily wounded)
You miscast Magic Dart.
You are very lightly contaminated with residual magic.
Nothing appears to happen.
The ooze hits you.
Casting: Magic Dart (safe; 2% risk of failure)
Confirm with . or Enter, or press ? or * to list all spells.
Aiming: Magic Dart (safe; 2% risk of failure)
Press: ? - help, Shift-Dir - straight line, f/p - ooze
Aim: an ooze (heavily wounded)
The magic dart hits the ooze.
The ooze is heavily wounded.
The ooze misses you.
Casting: Magic Dart (safe; 2% risk of failure)
Confirm with . or Enter, or press ? or * to list all spells.
Aiming: Magic Dart (safe; 2% risk of failure)
Press: ? - help, Shift-Dir - straight line, f/p - ooze
Aim: an ooze (heavily wounded)
The magic dart hits the ooze.
You kill the ooze!
Are you sure you want to abandon this character and quit the game? (Confirm with "yes".)

################# ####
................# .....
.##############÷##†.....
.# #...@....... .#
+........... ##
#........... .#
#.......#+## .###
#......... ...#
#######.### ##.# .# .#.#
## .#.#


There were no monsters in sight!

Vanquished Creatures
  4 adders (D:2)
  An ooze (D:3)
  A worm (D:2)
  A leopard gecko (D:3)
  A ball python (D:2)
  7 bats
  2 giant cockroaches (D:1)
  7 goblins
  5 hobgoblins
  A quokka (D:3)
  A frilled lizard (D:3)
  7 kobolds
  5 rats
43 creatures vanquished.

Vanquished Creatures (collateral kills)
  A worm (D:2)
  A hobgoblin (D:2)
  A rat (D:1)
3 creatures vanquished.

Grand Total: 46 creatures vanquished

Notes
Turn   | Place    | Note
-------+----------+-------------------------------------------
     0 | D:1      | Clowww109 the Deep Elf Wizard began the quest for the Orb.
     0 | D:1      | Reached XP level 1. HP: 10/10 MP: 7/7
   244 | D:1      | Reached XP level 2. HP: 15/15 MP: 2/9
   285 | D:1      | Reached skill level 5 in Spellcasting
   381 | D:1      | Learned a level 2 spell: Blink
   384 | D:1      | Learned a level 2 spell: Call Imp
  1482 | D:2      | Reached XP level 3. HP: 19/19 MP: 1/11
  2188 | D:2      | Reached XP level 4. HP: 24/24 MP: 8/13
  2570 | D:3      | Quit the game

Illustrated notes

Levels and vault maps discovered:
D:1:      zelgadis_glass_arrival_large, layout_basic, moated_statue
D:2:      layout_loops_cross
D:3:      layout_basic, lemuel_blue_sif_altar

Skill      XL: |  1  2  3 |
---------------+----------+-----
Spellcasting   | 5 |  5.9
Conjurations   | 2 |  2.6
Dodging        | |  2.9
Stealth        | |  2.7
Summonings     | |  1.4
Translocations | |  1.1

Action                   |  1- 3 |  4- 6 || total
-------------------------+-------+-------++-------
 Cast: Magic Dart        |    90 |    24 ||   114
       Call Imp          |     6 |     2 ||     8
       Blink             |     1 |       ||     1
  Eat: Chunk             |     4 |     1 ||     5
Armor: Robe              |     9 |       ||     9
Dodge: Dodged            |    23 |     1 ||    24
